TOP OF THE 1ST |
Colorado (EL) Rockies batting - Pitching for Mobile BayBears : LHP David Legg
|
Pitching: LHP David Legg
|
|
Batting: RHB Matt Fabre
|
0-0: Ball 1-0: DOUBLE (Line Drive, 89D, EV 103.1 MPH)
|
Batting: RHB Guillermo Veronese
|
0-0: Foul Ball, location: 2F 0-1: DOUBLE (Flyball, 89XD, EV 97.5 MPH) Matt Fabre scores
|
Batting: RHB Max Schellekens
|
0-0: Ball 1-0: Ball 2-0: Called Strike 2-1: Foul Ball, location: 2F 2-2: Strikes out looking
|
Batting: LHB Eric Ludwig
|
0-0: Ball 1-0: Foul Ball, location: 2F 1-1: Swinging Strike 1-2: Ball 2-2: Foul Ball, location: 2F 2-2: Ball 3-2: TRIPLE (Line Drive, 9LD, EV 108.1 MPH) Guillermo Veronese scores
|
Batting: LHB Dave Doughty
|
0-0: Swinging Strike 0-1: Ball 1-1: Ball 2-1: Foul Ball, location: 2F 2-2: Ball 3-2: DOUBLE (Flyball, 5D, EV 94.4 MPH) Eric Ludwig scores
|
Batting: RHB Matt Wheaton
|
0-0: Ball 1-0: Ball 2-0: Foul Ball, location: 2F 2-1: Ground out 6-3 (Groundball, 6, EV 81.9 MPH) Dave Doughty to third
|
Batting: SHB Chris Besselman
|
0-0: Called Strike 0-1: Swinging Strike 0-2: Foul Ball, location: 2F 0-2: Ball 1-2: Ball 2-2: Strikes out swinging
|
Top of the 1st over - 3 runs, 4 hits, 0 errors, 1 left on base; Colorado (EL) 3 - Mobile 0 |
BOTTOM OF THE 1ST |
Mobile BayBears batting - Pitching for Colorado (EL) Rockies : LHP Adrian Hamilton
|
Pitching: LHP Adrian Hamilton
|
|
Batting: LHB Bobby Arevalo
|
0-0: Foul Ball, location: 2F 0-1: Ball 1-1: Ball 2-1: Ball 3-1: DOUBLE (Groundball, 3L, EV 100.0 MPH)
|
Batting: RHB Omar Arroyo
|
0-0: Ball 1-0: Swinging Strike 1-1: Called Strike 1-2: Strikes out swinging
|
Batting: RHB John Gray
|
0-0: Called Strike 0-1: Foul Ball, location: 2F 0-2: Ball 1-2: Ball 2-2: Strikes out swinging
|
Batting: LHB Steve Reinhart
|
0-0: Ground out 6-3 (Groundball, 6, EV 88.1 MPH)
|
Bottom of the 1st over - 0 runs, 1 hit, 0 errors, 1 left on base; Colorado (EL) 3 - Mobile 0 |
TOP OF THE 2ND |
Colorado (EL) Rockies batting - Pitching for Mobile BayBears : LHP David Legg
|
Batting: RHB Nick Rang
|
0-0: Ball 1-0: Ball 2-0: Ball 3-0: Base on Balls
|
Batting: RHB Justin Pellman
|
0-0: Ball 1-0: Ball 2-0: Swinging Strike 2-1: Foul Ball, location: 2F 2-2: Fly out, F9 (Flyball, 9LS, EV 86.9 MPH)
|
Batting: RHB Matt Fabre
|
0-0: Called Strike 0-1: Called Strike 0-2: Ball 1-2: Foul Ball, location: 2F 1-2: Ball 2-2: Strikes out swinging
|
Batting: RHB Guillermo Veronese
|
0-0: Ball 1-0: Foul Ball, location: 2F 1-1: Ball 2-1: Swinging Strike 2-2: Ball 3-2: Base on Balls Nick Rang to second
|
Batting: RHB Max Schellekens
|
0-0: Ball 1-0: Swinging Strike 1-1: Ball 2-1: Foul Ball, location: 2F 2-2: Ball 3-2: SINGLE (Groundball, 34D, EV 99.4 MPH) Nick Rang to third Guillermo Veronese to second Nick Rang scores Guillermo Veronese to third
|
Batting: LHB Eric Ludwig
|
0-0: Ball 1-0: Ball 2-0: Ball 3-0: Called Strike 3-1: Base on Balls Max Schellekens to second
|
Batting: LHB Dave Doughty
|
0-0: TRIPLE (Flyball, 89XD, EV 101.9 MPH) Guillermo Veronese scores Max Schellekens scores Eric Ludwig scores
|
Pitching: RHP Jeremy Dobrowolski
|
|
Batting: RHB Matt Wheaton
|
0-0: Ball 1-0: Swinging Strike 1-1: Ball 2-1: Ground out 6-3 (Groundball, 6M, EV 88.1 MPH)
|
Top of the 2nd over - 4 runs, 2 hits, 0 errors, 1 left on base; Colorado (EL) 7 - Mobile 0 |
BOTTOM OF THE 2ND |
Mobile BayBears batting - Pitching for Colorado (EL) Rockies : LHP Adrian Hamilton
|
Batting: RHB Andy Schuett
|
0-0: Ball 1-0: Ball 2-0: Called Strike 2-1: SINGLE (Line Drive, 34D, EV 100.0 MPH)
|
Batting: LHB Rick Roemer
|
0-0: Ball 1-0: Foul Ball, location: 2F 1-1: Called Strike 1-2: Foul Ball, location: 2F 1-2: SINGLE (Line Drive, 6M, EV 96.3 MPH) Andy Schuett to second
|
Batting: RHB Casey Stripling
|
0-0: Fly out, F8 (Flyball, 8RD, EV 109.4 MPH)
|
Batting: LHB Josh Gottlieb
|
0-0: Ball 1-0: Fly out, F6 (Line Drive, 6, EV 68.8 MPH)
|
Batting: RHB Dustin Legault
|
0-0: Fly out, F9 (Flyball, 9S, EV 87.5 MPH)
|
Bottom of the 2nd over - 0 runs, 2 hits, 0 errors, 2 left on base; Colorado (EL) 7 - Mobile 0 |
TOP OF THE 3RD |
Colorado (EL) Rockies batting - Pitching for Mobile BayBears : RHP Jeremy Dobrowolski
|
Batting: SHB Chris Besselman
|
0-0: Ground out 4-3 (Groundball, 4, EV 87.5 MPH)
|
Batting: RHB Nick Rang
|
0-0: Called Strike 0-1: Ball 1-1: Called Strike 1-2: Ball 2-2: Ball 3-2: Base on Balls
|
Batting: RHB Justin Pellman
|
0-0: Ball 1-0: Grounds into double play, 5-4-3 (Groundball, 5, EV 88.8 MPH)
|
Top of the 3rd over - 0 runs, 0 hits, 0 errors, 0 left on base; Colorado (EL) 7 - Mobile 0 |
BOTTOM OF THE 3RD |
Mobile BayBears batting - Pitching for Colorado (EL) Rockies : LHP Adrian Hamilton
|
Batting: LHB Bobby Arevalo
|
0-0: Ground out 4-3 (Groundball, 4, EV 81.3 MPH)
|
Batting: RHB Omar Arroyo
|
0-0: Ball 1-0: Ground out 5-3 (Groundball, 5S, EV 68.1 MPH)
|
Batting: RHB John Gray
|
0-0: Foul Ball, location: 2F 0-1: Foul Ball, location: 2F 0-2: Ball 1-2: Ball 2-2: Strikes out swinging
|
Bottom of the 3rd over - 0 runs, 0 hits, 0 errors, 0 left on base; Colorado (EL) 7 - Mobile 0 |
TOP OF THE 4TH |
Colorado (EL) Rockies batting - Pitching for Mobile BayBears : RHP Jeremy Dobrowolski
|
Batting: RHB Matt Fabre
|
0-0: Ball 1-0: Called Strike 1-1: Ground out 4-3 (Groundball, 4MD, EV 86.3 MPH)
|
Batting: RHB Guillermo Veronese
|
0-0: Ball 1-0: Swinging Strike 1-1: Ball 2-1: Ball 3-1: Base on Balls
|
Batting: RHB Max Schellekens
|
0-0: Ball 1-0: Called Strike 1-1: Ball 2-1: Fly out, F8 (Flyball, 8LM, EV 93.1 MPH)
|
Batting: LHB Eric Ludwig
|
0-0: Foul Ball, location: 2F 0-1: Ball 1-1: Ball 2-1: Called Strike 2-2: Ball 3-2: Ground out 4-3 (Groundball, 4, EV 87.5 MPH)
|
Top of the 4th over - 0 runs, 0 hits, 0 errors, 1 left on base; Colorado (EL) 7 - Mobile 0 |
BOTTOM OF THE 4TH |
Mobile BayBears batting - Pitching for Colorado (EL) Rockies : LHP Adrian Hamilton
|
Batting: LHB Steve Reinhart
|
0-0: Ball 1-0: Ball 2-0: SINGLE (Line Drive, 89S, EV 107.5 MPH)
|
Batting: RHB Andy Schuett
|
0-0: Ball 1-0: Ball 2-0: Ball 3-0: Swinging Strike 3-1: Base on Balls Steve Reinhart to second
|
Batting: LHB Rick Roemer
|
0-0: Called Strike 0-1: Ball 1-1: Foul Ball, location: 2F 1-2: Hit by Pitch Steve Reinhart to third Andy Schuett to second
|
Batting: RHB Casey Stripling
|
0-0: Called Strike 0-1: Foul Ball, location: 2F 0-2: Fly out, F8 (Flyball, 8RM, EV 93.8 MPH)
|
Batting: LHB Josh Gottlieb
|
0-0: Called Strike 0-1: Foul Ball, location: 2F 0-2: Strikes out swinging
|
Batting: RHB Dustin Legault
|
0-0: Ball 1-0: Called Strike 1-1: Called Strike 1-2: Ball 2-2: Strikes out swinging
|
Bottom of the 4th over - 0 runs, 1 hit, 0 errors, 3 left on base; Colorado (EL) 7 - Mobile 0 |
TOP OF THE 5TH |
Colorado (EL) Rockies batting - Pitching for Mobile BayBears : RHP Jeremy Dobrowolski
|
Batting: LHB Dave Doughty
|
0-0: Ball 1-0: Ball 2-0: Called Strike 2-1: Ball 3-1: Base on Balls
|
Batting: RHB Matt Wheaton
|
0-0: Called Strike 0-1: Ball 1-1: Ball 2-1: Foul Ball, location: 2F 2-2: Strikes out swinging
|
Batting: SHB Chris Besselman
|
0-0: Ball 1-0: Grounds into double play, 5-6-3 (Groundball, 6, EV 103.8 MPH)
|
Top of the 5th over - 0 runs, 0 hits, 0 errors, 0 left on base; Colorado (EL) 7 - Mobile 0 |
BOTTOM OF THE 5TH |
Mobile BayBears batting - Pitching for Colorado (EL) Rockies : LHP Adrian Hamilton
|
Batting: LHB Bobby Arevalo
|
0-0: Called Strike 0-1: Ball 1-1: Fly out, F7 (Flyball, 7S, EV 90.0 MPH)
|
Batting: RHB Omar Arroyo
|
0-0: Ball 1-0: Foul Ball, location: 2F 1-1: Foul Ball, location: 2F 1-2: Ball 2-2: Fly out, F8 (Flyball, 8LD, EV 105.6 MPH)
|
Batting: RHB John Gray
|
0-0: Called Strike 0-1: Ball 1-1: Ball 2-1: Swinging Strike 2-2: Ball 3-2: Strikes out looking
|
Bottom of the 5th over - 0 runs, 0 hits, 0 errors, 0 left on base; Colorado (EL) 7 - Mobile 0 |
TOP OF THE 6TH |
Colorado (EL) Rockies batting - Pitching for Mobile BayBears : RHP Jeremy Dobrowolski
|
Batting: RHB Nick Rang
|
0-0: Called Strike 0-1: Ground out 5-3 (Groundball, 5, EV 90.6 MPH)
|
Batting: RHB Justin Pellman
|
0-0: Fly out, F8 (Line Drive, 8RM, EV 95.0 MPH)
|
Batting: RHB Matt Fabre
|
0-0: Ball 1-0: Ball 2-0: Ball 3-0: Base on Balls
|
Batting: RHB Guillermo Veronese
|
0-0: Called Strike 0-1: Fly out, F8 (Flyball, 8LS, EV 88.8 MPH)
|
Top of the 6th over - 0 runs, 0 hits, 0 errors, 1 left on base; Colorado (EL) 7 - Mobile 0 |
BOTTOM OF THE 6TH |
Mobile BayBears batting - Pitching for Colorado (EL) Rockies : LHP Adrian Hamilton
|
Batting: LHB Steve Reinhart
|
0-0: Ball 1-0: Foul Ball, location: 2F 1-1: Called Strike 1-2: Foul Ball, location: 2F 1-2: Hit by Pitch
|
Batting: RHB Andy Schuett
|
0-0: Ball 1-0: Ball 2-0: SINGLE (Groundball, 6D, EV 96.3 MPH) Steve Reinhart to second
|
Batting: LHB Rick Roemer
|
0-0: Called Strike 0-1: Ball 1-1: Swinging Strike 1-2: Ball 2-2: Ball 3-2: Foul Ball, location: 2F 3-2: Fly out, F9 (Flyball, 9D, EV 106.9 MPH) Runner from 2nd tags up, SAFE at 3rd, no throw by RF
|
Batting: RHB Casey Stripling
|
0-0: Ball 1-0: Called Strike 1-1: Ball 2-1: Ball 3-1: Swinging Strike 3-2: Foul Ball, location: 2F 3-2: Grounds into double play, 6-4-3 (Groundball, 6, EV 110.6 MPH)
|
Bottom of the 6th over - 0 runs, 1 hit, 0 errors, 1 left on base; Colorado (EL) 7 - Mobile 0 |
TOP OF THE 7TH |
Colorado (EL) Rockies batting - Pitching for Mobile BayBears : RHP Jeremy Dobrowolski
|
Batting: RHB Max Schellekens
|
0-0: Ball 1-0: Ground out 5-3 (Groundball, 56, EV 106.3 MPH)
|
Batting: LHB Eric Ludwig
|
0-0: Swinging Strike 0-1: Ground out U3 (Groundball, 34S, EV 89.4 MPH)
|
Batting: LHB Dave Doughty
|
0-0: Ball 1-0: Swinging Strike 1-1: Ground out 4-3 (Groundball, 34, EV 80.0 MPH)
|
Top of the 7th over - 0 runs, 0 hits, 0 errors, 0 left on base; Colorado (EL) 7 - Mobile 0 |
BOTTOM OF THE 7TH |
Mobile BayBears batting - Pitching for Colorado (EL) Rockies : LHP Adrian Hamilton
|
Pitching: RHP Stephen Bailey
|
|
Batting: LHB Josh Gottlieb
|
0-0: Ball 1-0: Called Strike 1-1: Called Strike 1-2: Ball 2-2: Foul Ball, location: 2F 2-2: Ball 3-2: Foul Ball, location: 2F 3-2: SINGLE (Flyball, 8RS, EV 92.5 MPH)
|
Batting: RHB Dustin Legault
|
0-0: Ball 1-0: Ball 2-0: Called Strike 2-1: Fielders Choice at 2nd, 6-4 (Groundball, 6, EV 86.3 MPH)
|
Batting: LHB Bobby Arevalo
|
0-0: Foul Ball, location: 2F 0-1: Swinging Strike 0-2: Strikes out swinging
|
Pinch Hitting: RHB Dave Ehrlich
|
0-0: Ball 1-0: Called Strike 1-1: Ball 2-1: Ground out 6-3 (Groundball, 6S, EV 73.8 MPH)
|
Bottom of the 7th over - 0 runs, 1 hit, 0 errors, 1 left on base; Colorado (EL) 7 - Mobile 0 |
TOP OF THE 8TH |
Colorado (EL) Rockies batting - Pitching for Mobile BayBears : RHP Jeremy Dobrowolski
|
Pitching: RHP Matt Hager
|
|
Now in LF: Dave Ehrlich
|
|
Batting: RHB Matt Wheaton
|
0-0: Called Strike 0-1: Ball 1-1: Foul Ball, location: 2F 1-2: Ground out 6-3 (Groundball, 6D, EV 101.9 MPH)
|
Batting: SHB Chris Besselman
|
0-0: Swinging Strike 0-1: Called Strike 0-2: Strikes out swinging
|
Batting: RHB Nick Rang
|
0-0: Fly out, F9 (Flyball, 9D, EV 91.3 MPH)
|
Top of the 8th over - 0 runs, 0 hits, 0 errors, 0 left on base; Colorado (EL) 7 - Mobile 0 |
BOTTOM OF THE 8TH |
Mobile BayBears batting - Pitching for Colorado (EL) Rockies : RHP Stephen Bailey
|
Batting: RHB John Gray
|
0-0: Foul Ball, location: 2F 0-1: Ball 1-1: Called Strike 1-2: Foul Ball, location: 2F 1-2: Ground out 6-3 (Groundball, 6, EV 82.5 MPH)
|
Batting: LHB Steve Reinhart
|
0-0: Swinging Strike 0-1: Foul Ball, location: 2F 0-2: Ground out 6-3 (Groundball, 6, EV 101.9 MPH)
|
Batting: RHB Andy Schuett
|
0-0: Called Strike 0-1: Ground out 4-3 (Groundball, 4, EV 92.5 MPH)
|
Bottom of the 8th over - 0 runs, 0 hits, 0 errors, 0 left on base; Colorado (EL) 7 - Mobile 0 |
TOP OF THE 9TH |
Colorado (EL) Rockies batting - Pitching for Mobile BayBears : RHP Matt Hager
|
Pitching: RHP John Patterson
|
|
Batting: RHB Justin Pellman
|
0-0: Ball 1-0: Ball 2-0: Swinging Strike 2-1: Foul Ball, location: 2F 2-2: Ball 3-2: Ground out 4-3 (Groundball, 4, EV 87.5 MPH)
|
Batting: RHB Matt Fabre
|
0-0: Called Strike 0-1: Ball 1-1: Ball 2-1: Swinging Strike 2-2: Ground out 1-3 (Groundball, 34S, EV 71.3 MPH)
|
Batting: RHB Guillermo Veronese
|
0-0: Called Strike 0-1: Ball 1-1: Ground out 5-3 (Groundball, 56, EV 82.5 MPH)
|
Top of the 9th over - 0 runs, 0 hits, 0 errors, 0 left on base; Colorado (EL) 7 - Mobile 0 |
BOTTOM OF THE 9TH |
Mobile BayBears batting - Pitching for Colorado (EL) Rockies : RHP Stephen Bailey
|
Batting: LHB Rick Roemer
|
0-0: Ball 1-0: Ball 2-0: Fly out, F9 (Flyball, 9S, EV 88.1 MPH)
|
Pinch Hitting: LHB J.D. Onorati
|
0-0: Fly out, F5 (Flyball, 5D, EV 81.9 MPH)
|
Batting: LHB Josh Gottlieb
|
0-0: Foul Ball, location: 2F 0-1: Ball 1-1: Ball 2-1: Ball 3-1: Base on Balls
|
Batting: RHB Dustin Legault
|
0-0: Ball 1-0: SINGLE (Groundball, 6MD, EV 105.6 MPH) Josh Gottlieb to second
|
Batting: LHB Bobby Arevalo
|
0-0: Foul Ball, location: 2F 0-1: Ball 1-1: Ground out 6-3 (Groundball, P, EV 88.1 MPH)
|
Bottom of the 9th over - 0 runs, 1 hit, 0 errors, 2 left on base; Colorado (EL) 7 - Mobile 0 |
|